 Dungeon Crawl Stone Soup version 0.30.0-20-g3615ddf2f0 (webtiles) character file.

Game seed: 8706489485091967686

55 qw the Chopper (level 3, -2/23 HPs)
             Began as a Gargoyle Fighter on May 29, 2023.
             Slain by a worm (7 damage)
             ... on level 3 of the Dungeon.
             The game lasted 00:01:02 (1983 turns).

qw the Chopper (Gargoyle Fighter)                   Turns: 1983, Time: 00:01:02

Health: -2/23      AC: 13    Str: 21    XL:     3   Next: 93%
Magic:  3/3        EV:  9    Int:  8    God:
Gold:   168        SH:  0    Dex:  9    Spells: 2/2 levels left

rFire   . . .        Y - +1 war axe (flame)
rCold   . . .        c - +0 buckler
rNeg    + . .        b - +0 scale mail
rPois   inf          (no helmet)
rElec   +            (no cloak)
rCorr   .            f - +2 pair of gloves
SInv    .            (no boots)
Will    .....        (no amulet) Stlth
                     (no ring)
HPRegen 0.23/turn    (no ring)
MPRegen 0.08/turn

%: no passive effects
@: confused
A: sickness immunity, AC +3, negative energy resistance 1, electricity
resistance, torment resistance 1, petrification resistance
a: no special abilities


You were on level 3 of the Dungeon.
You visited 1 branch of the dungeon, and saw 3 of its levels.

You collected 168 gold pieces.


Innate Abilities, Weirdness & Mutations

You are immune to sickness and miasma.
Your stone body is resilient. (AC +3)
You are immune to poison.
You resist negative energy. (rN+)
You are resistant to electric shocks. (rElec)
You are resistant to unholy torment.
You are immune to petrification.


   Skills:
 - Level 3.2 Fighting
 + Level 3.7 Axes
 - Level 3.2 Armour
 - Level 3.2 Shields


You had 2 spell levels left.
You didn't know any spells.
Your spell library was empty.

Inventory:

Hand Weapons
 Y - a +1 war axe of flaming (weapon)
Armour
 b - a +0 scale mail (worn)
 c - a +0 buckler (worn)
 f - a +2 pair of gloves (worn)
 g - an orb of wrath
Scrolls
 h - a scroll of identify
Potions
 a - a potion of curing {unknown}
 d - a potion of might
 e - a potion of magic {unknown}
 j - a potion of flight {unknown}

Dungeon Overview and Level Annotations

Branches:
Dungeon (3/15)

Altars:

Shops:
D:1 *(:

Annotations:
D:3 Sigmund


Message History

1967 ||| Stepping ~*~*~tactically~*~*~ (hiding).
Enter note:
Enter note:
Enter note:
Enter note:
Enter note:
Enter note: You start waiting.
Sigmund is nearby!
A worm comes into view.
Sigmund misses you.
The worm moves out of view.
Enter note:
Enter note:
Enter note:
Enter note:
Enter note:
Enter note:
Enter note:
Enter note:
Enter note:
Enter note:
Enter note:
Enter note: You closely miss Sigmund.
You slash the worm! You burn the worm. Sigmund gestures at you while chanting.
You are confused.
Sigmund hits you but does no damage. The worm completely misses you.
Sigmund hits you with a +0 scythe. The worm bites you but does no damage.
Sigmund casts a spell at you.
You are more confused.
Sigmund hits you but does no damage. The worm bites you.
Sigmund barely misses you. The worm bites you. Sigmund barely misses you.
The worm bites you! Sigmund casts a spell at you.
You are more confused.
The worm barely misses you. Sigmund hits you but does no damage.
The worm bites you!
You die...

... ....#### #.#....#
#.#.#.#####
##############.#...#...
....................>#
...###########.#.....##.
..## ######.#..!.....
..# #........@@.#.# ..#
#.####.##w#.....# ..#
#.. ..# ###.# ..#
.......# ..# .........
..# .#.#.#...# ..#
..#.#.### ### # #. ###+


You could see Sigmund and a worm.

Vanquished Creatures
  3 dart slugs (D:2)
  An orc (D:3)
  4 bats
  5 endoplasms
  5 goblins
  5 hobgoblins (D:1)
  5 quokkas
  8 ball pythons
  2 frilled lizards
  A kobold (D:2)
  4 rats (D:1)
43 creatures vanquished.

Notes
Turn   | Place    | Note
-------+----------+-------------------------------------------
     0 | D:1      | qw the Gargoyle Fighter began the quest for the Orb.
     0 | D:1      | Reached XP level 1. HP: 14/14 MP: 1/1
     0 | D:1      | 0 ||| qw: Version: 0.2-a-101-gf424e7f
     0 | D:1      | 0 ||| qw: Game counter: 282
     0 | D:1      | 0 ||| qw: Always use a shield: true
     0 | D:1      | 0 ||| qw: God list: Okawaru
     0 | D:1      | 0 ||| qw: Allow faded altars: false
     0 | D:1      | 0 ||| qw: Do Orc after D:15 true
     0 | D:1      | 0 ||| qw: Do second Lair branch before Depths: true
     0 | D:1      | 0 ||| qw: Lair rune preference: random
     0 | D:1      | 0 ||| qw: Plans: Normal, Zot:1-4, Slime:5, God:TSO, Crypt,
                  | Tomb, Pan, Hells, Abyss, Win
     0 | D:1      | 0 ||| PLANNING D:1-11
    60 | D:1      | Found Furhekuc's Antique Weapon Boutique.
    66 | D:1      | Found Kas Mewibru's General Store.
    68 | D:1      | 68 ||| SHOPLISTING runed mace (180 gold, have 0).
    73 | D:1      | 73 ||| SHOPLISTING +3 chain mail of Insatiable Hunger
                  | {Will+ Int+4} (445 gold, have 0).
    73 | D:1      | 73 ||| SHOPLISTING potion of attraction (33 gold, have 0).
    73 | D:1      | 73 ||| SHOPLISTING ring of willpower (275 gold, have 0).
   149 | D:1      | Reached XP level 2. HP: 14/19 MP: 2/2
   592 | D:1      | Found Poen's Book Emporium.
   630 | D:1      | Reached skill level 3 in Axes
   699 | D:1      | 699 ||| Stepping ~*~*~tactically~*~*~ (stealth).
   953 | D:1      | Reached XP level 3. HP: 19/23 MP: 3/3
  1026 | D:1      | 1026 ||| DROPPING orb of guile.
  1027 | D:1      | 1027 ||| READING scroll labelled KEGALESULAONT.
  1028 | D:1      | 1028 ||| READING scroll labelled MEKIUR AQOUGILUU.
  1029 | D:1      | 1029 ||| READING scroll labelled WUALISSO LEATZ.
  1056 | D:2      | 1056 ||| FLEEEEING.
  1057 | D:2      | 1057 ||| STAIRDANCE
  1127 | D:2      | 1127 ||| Stepping ~*~*~tactically~*~*~ (hiding).
  1129 | D:2      | 1129 ||| Stepping ~*~*~tactically~*~*~ (hiding).
  1346 | D:2      | 1346 ||| DROPPING +0 club.
  1402 | D:2      | 1402 ||| Stepping ~*~*~tactically~*~*~ (hiding).
  1403 | D:2      | 1403 ||| Stepping ~*~*~tactically~*~*~ (hiding).
  1579 | D:2      | 1579 ||| UPGRADING to +2 pair of gloves.
  1584 | D:2      | 1584 ||| READING 2 scrolls labelled GENAUP CYEK.
  1585 | D:2      | 1585 ||| READING scroll labelled CEDEPA HAT EQA.
  1586 | D:2      | 1586 ||| READING scroll labelled MOCOTO WEDA.
  1587 | D:2      | 1587 ||| DROPPING +0 whip.
  1588 | D:2      | 1588 ||| READING 2 scrolls labelled HUCSOC QAKLAR.
  1589 | D:2      | 1589 ||| DROPPING scroll of blinking.
  1590 | D:2      | 1590 ||| DROPPING scroll of fear.
  1661 | D:3      | 1661 ||| Stepping ~*~*~tactically~*~*~ (stealth).
  1964 | D:3      | Noticed Sigmund
  1965 | D:3      | 1965 ||| Stepping ~*~*~tactically~*~*~ (hiding).
  1967 | D:3      | 1967 ||| Stepping ~*~*~tactically~*~*~ (hiding).
  1979 | D:3      | HP: 5/23 [worm (9)]
  1983 | D:3      | Slain by a worm

Levels and vault maps discovered:
D:1:      nzn_arrival_settlement, layout_basic, serial_shops, shop, shop,
          nicolae_shop_stone, minmay_misc_feat_more_columns
D:2:      layout_rooms
D:3:      layout_basic, grunt_gozag_statues, gammafunk_temple_overflow_elements,
          basic_ecumenical_altar, uniq_sigmund, uniq_jessica

Skill      XL: |  1  2 |
---------------+-------+-----
Axes           | 2 3 |  3.7
Fighting       | |  3.2
Armour         | |  3.2
Shields        | |  3.2

Action                     || total
---------------------------++-------
  Melee: War axe           ||   153
    Use: Scroll            ||     7
 Armour: Scale mail        ||    77
  Dodge: Dodged            ||    80
  Block: Buckler           ||    36

Table legend:
 A = Non-vault XP
 B = Vault XP
 C = Vault XP percentage of total XP
 D = Non-vault monster count
 E = Vault monster count
 F = Vault count percentage of total count
                 A         B        C        D         E       F
            +---------+---------+-------+---------+---------+-------
      Total |      79 |       0 |   0.0 |      43 |       0 |   0.0
            +---------+---------+-------+---------+---------+-------
        D:1 |      35 |       0 |   0.0 |      21 |       0 |   0.0
        D:2 |      33 |       0 |   0.0 |      16 |       0 |   0.0
        D:3 |      11 |       0 |   0.0 |       6 |       0 |   0.0
            +---------+---------+-------+---------+---------+-------
